General information
- name: BNet
- type: Ladder team game (AT/RT)
- host: Battle.net
- saver: Gobiner
map: BloodstoneMesa
- players: 6
- length: 58:35
- speed: Fast
- version: 1.21 W3XP
- replay type: Public
» download(340 KB)
Players
team 1 (loser)
augustu (
pink | 58 APM | 3413 actions | 58:32)
5 Blademaster
3 Wind Walk
2 Critical Strike
» actions
| Assign group hotkey | 71 | |
| Basic commands | 109 | |
| Build / train | 143 | |
| ESC pressed | 4 | |
| Enter build submenu | 34 | |
| Enter hero's abilities submenu | 5 | |
| Give item / drop item | 1 | |
| Remove unit from queue | 2 | |
| Right click | 1506 | |
| Select / deselect | 757 | |
| Select group hotkey | 627 | |
| Use ability | 154 | |
3413 total
» units
| Peon | 14 | |
| Troll Headhunter/Berserker | 24 | |
| Troll Batrider | 36 | |
| Wind Rider | 15 | |
| Demolisher | 6 | |
| Raider | 13 | |
| Grunt | 1 | |
109 total
» upgrades
| Ranged Weapons | 3 | |
| Armor | 3 | |
| Pillage | 1 | |
| Troll Regeneration | 1 | |
| Liquid Fire | 1 | |
| Berserker Upgrade | 1 | |
| Envenomed Spears | 1 | |
| Spiked Barricades | 3 | |
| Reinforced Defenses | 1 | |
| Burning Oil | 1 | |
| Ensnare | 1 | |
| Melee Weapons | 2 | |
| Berserker Strength | 0 | |
| War Drums Damage Increase | 1 | |
20 total
» buildings
| Altar of Storms | 1 | |
| Orc Burrow | 9 | |
| Barracks | 2 | |
| War Mill | 1 | |
| Voodoo Lounge | 1 | |
| Stronghold | 1 | |
| Beastiary | 3 | |
| Fortress | 1 | |
| Watch Tower | 14 | |
| Great Hall | 2 | |
35 total
» build order
00:03 Altar of Storms
00:04 Orc Burrow
00:38 Barracks
01:26 War Mill
01:47 Orc Burrow
02:19 Voodoo Lounge
03:38 Stronghold
04:37 Orc Burrow
04:40 Barracks
06:03 Beastiary
06:52 Fortress
07:10 Watch Tower
08:49 Beastiary
10:03 Orc Burrow
11:34 Orc Burrow
12:21 Watch Tower
13:48 Orc Burrow
14:45 Great Hall
25:04 Watch Tower
25:05 Watch Tower
26:34 Watch Tower
26:43 Watch Tower
34:25 Beastiary
34:37 Great Hall
37:13 Watch Tower
37:17 Watch Tower
37:19 Watch Tower
37:20 Watch Tower
38:27 Orc Burrow
46:10 Orc Burrow
47:09 Orc Burrow
50:42 Watch Tower
50:44 Watch Tower
50:47 Watch Tower
50:48 Watch Tower
» items
| Healing Salve | 2 | |
| Lesser Clarity Potion | 1 | |
| Orb of Lightning | 1 | |
4 total
chicken64 (
blue | 74 APM | 4347 actions | 58:31)
6 Archmage
3 Summon Water Elemental
2 Brilliance Aura
1 Mass Teleport
5 Mountain King
3 Storm Bolt
2 Bash
» actions
| Assign group hotkey | 24 | |
| Basic commands | 122 | |
| Build / train | 124 | |
| Enter build submenu | 44 | |
| Enter hero's abilities submenu | 12 | |
| Remove unit from queue | 1 | |
| Right click | 2296 | |
| Select / deselect | 1169 | |
| Select group hotkey | 436 | |
| Use ability | 119 | |
4347 total
» units
| Peasant | 27 | |
| Footman | 9 | |
| Priest | 6 | |
| Knight | 6 | |
| Spell Breaker | 2 | |
| Sorceress | 1 | |
| Siege Engine | 9 | |
| Flying Machine | 5 | |
| Dragonhawk Rider | 1 | |
66 total
» upgrades
| Lumber Harvesting | 2 | |
| Swords | 3 | |
| Magic Sentry | 1 | |
| Plating | 3 | |
| Animal War Training | 1 | |
| Masonry | 2 | |
| Priest Training | 2 | |
| Sorceress Training | 2 | |
| Armor | 2 | |
| Defend | 1 | |
| Barrage | 1 | |
| Gunpowder | 3 | |
| Flak Cannons | 1 | |
| Flying Machine Bombs | 1 | |
25 total
» buildings
| Farm | 12 | |
| Altar of Kings | 1 | |
| Barracks | 2 | |
| Scout Tower | 19 | |
| Lumber Mill | 1 | |
| Arcane Tower | 6 | |
| Keep | 1 | |
| Arcane Vault | 1 | |
| Guard Tower | 9 | |
| Castle | 1 | |
| Arcane Sanctum | 2 | |
| Blacksmith | 1 | |
| Town Hall | 5 | |
| Workshop | 2 | |
| Gryphon Aviary | 2 | |
65 total
» build order
00:04 Farm
00:05 Altar of Kings
00:24 Barracks
00:43 Farm
01:33 Farm
01:52 Scout Tower
02:18 Lumber Mill
02:32 Arcane Tower
03:31 Keep
03:37 Arcane Vault
04:18 Farm
04:25 Scout Tower
04:59 Guard Tower
05:08 Farm
05:55 Castle
05:59 Arcane Sanctum
08:28 Blacksmith
09:57 Arcane Sanctum
10:03 Farm
10:35 Barracks
10:54 Scout Tower
11:36 Guard Tower
12:28 Farm
13:17 Farm
14:47 Town Hall
14:53 Farm
15:37 Farm
17:11 Farm
19:57 Farm
20:18 Town Hall
20:39 Scout Tower
21:11 Arcane Tower
26:44 Town Hall
27:26 Workshop
27:48 Town Hall
28:41 Workshop
32:52 Scout Tower
32:54 Scout Tower
32:56 Scout Tower
33:26 Guard Tower
33:49 Guard Tower
34:43 Guard Tower
36:04 Town Hall
36:57 Scout Tower
37:01 Scout Tower
37:25 Arcane Tower
37:28 Arcane Tower
40:29 Scout Tower
40:32 Scout Tower
40:33 Scout Tower
40:34 Scout Tower
40:36 Scout Tower
40:37 Scout Tower
40:59 Arcane Tower
41:23 Arcane Tower
42:21 Guard Tower
42:23 Guard Tower
43:01 Guard Tower
44:13 Guard Tower
51:46 Gryphon Aviary
51:56 Gryphon Aviary
55:37 Scout Tower
57:00 Scout Tower
57:43 Scout Tower
58:01 Scout Tower
» items
| Scroll of Regeneration | 1 | |
| Mechanical Critter | 1 | |
2 total
ReaverOpS (
green | 36 APM | 2132 actions | 58:28)
5 Blademaster
3 Wind Walk
2 Critical Strike
» actions
| Assign group hotkey | 23 | |
| Basic commands | 124 | |
| Build / train | 69 | |
| Enter build submenu | 31 | |
| Enter hero's abilities submenu | 5 | |
| Right click | 968 | |
| Select / deselect | 628 | |
| Select group hotkey | 204 | |
| Use ability | 80 | |
2132 total
» units
| Peon | 11 | |
| Grunt | 12 | |
| Shaman | 8 | |
| Troll Witch Doctor | 8 | |
| Spirit Walker | 1 | |
| Tauren | 4 | |
44 total
» upgrades
| Melee Weapons | 2 | |
| Berserker Strength | 1 | |
| Armor | 2 | |
| Shaman Training | 2 | |
| Spiked Barricades | 1 | |
| Witch Doctor Training | 2 | |
| Pillage | 1 | |
| Spirit Walker Training | 2 | |
| Pulverize | 1 | |
14 total
» buildings
| Altar of Storms | 1 | |
| Barracks | 1 | |
| Orc Burrow | 9 | |
| Voodoo Lounge | 1 | |
| War Mill | 1 | |
| Stronghold | 2 | |
| Watch Tower | 4 | |
| Spirit Lodge | 2 | |
| Fortress | 1 | |
| Tauren Totem | 1 | |
| Great Hall | 4 | |
27 total
» build order
00:04 Altar of Storms
00:07 Barracks
00:34 Orc Burrow
01:42 Orc Burrow
02:23 Orc Burrow
04:22 Voodoo Lounge
04:33 War Mill
05:07 Orc Burrow
05:20 Stronghold
06:57 Watch Tower
07:22 Orc Burrow
08:09 Spirit Lodge
08:56 Fortress
09:06 Orc Burrow
10:08 Spirit Lodge
13:22 Orc Burrow
14:42 Tauren Totem
15:04 Orc Burrow
20:34 Orc Burrow
29:01 Great Hall
32:07 Stronghold
32:28 Watch Tower
33:51 Watch Tower
33:56 Watch Tower
35:18 Great Hall
39:16 Great Hall
42:21 Great Hall
» items
| Healing Salve | 1 | |
| Orb of Lightning | 1 | |
2 total
team 2 (winner)
Blahsmack (
teal | 49 APM | 2896 actions | 58:33)
7 Blademaster
3 Wind Walk
3 Critical Strike
1 Bladestorm
» actions
| Basic commands | 115 | |
| Build / train | 120 | |
| Enter build submenu | 52 | |
| Enter hero's abilities submenu | 7 | |
| Give item / drop item | 4 | |
| Remove unit from queue | 9 | |
| Right click | 1777 | |
| Select / deselect | 620 | |
| Use ability | 192 | |
2896 total
» units
» upgrades
| Liquid Fire | 1 | |
| Reinforced Defenses | 1 | |
| Spiked Barricades | 3 | |
| Ranged Weapons | 3 | |
| Troll Regeneration | 1 | |
9 total
» buildings
| War Mill | 3 | |
| Altar of Storms | 1 | |
| Orc Burrow | 5 | |
| Watch Tower | 68 | |
| Voodoo Lounge | 3 | |
| Stronghold | 1 | |
| Beastiary | 2 | |
| Fortress | 1 | |
| Great Hall | 2 | |
| Barracks | 1 | |
87 total
» build order
00:20 War Mill
00:23 Altar of Storms
00:27 Orc Burrow
00:31 Orc Burrow
01:39 Watch Tower
01:50 Orc Burrow
02:25 Voodoo Lounge
02:39 Watch Tower
03:35 Watch Tower
03:38 Watch Tower
03:53 Watch Tower
04:00 Watch Tower
04:07 Watch Tower
04:43 Stronghold
04:49 Watch Tower
04:54 Watch Tower
05:08 Watch Tower
06:02 Watch Tower
06:12 Watch Tower
06:28 Orc Burrow
06:29 Orc Burrow
06:36 Watch Tower
07:01 Watch Tower
07:06 Watch Tower
07:15 Beastiary
07:43 Watch Tower
08:18 Watch Tower
08:21 Watch Tower
08:44 Watch Tower
09:11 Watch Tower
09:20 Beastiary
09:24 Fortress
09:31 Watch Tower
10:53 Voodoo Lounge
10:55 Voodoo Lounge
11:06 Great Hall
11:12 Watch Tower
11:13 Watch Tower
11:24 Watch Tower
11:26 Watch Tower
11:31 Watch Tower
11:52 War Mill
12:50 War Mill
12:54 Watch Tower
13:35 Watch Tower
13:36 Watch Tower
13:56 Watch Tower
14:24 Watch Tower
15:36 Watch Tower
15:39 Watch Tower
15:43 Watch Tower
15:44 Watch Tower
15:45 Watch Tower
15:45 Watch Tower
15:47 Watch Tower
15:47 Watch Tower
15:49 Watch Tower
15:50 Watch Tower
15:52 Watch Tower
15:53 Watch Tower
15:55 Watch Tower
15:56 Watch Tower
15:57 Watch Tower
15:58 Watch Tower
18:21 Watch Tower
18:22 Watch Tower
18:22 Watch Tower
18:23 Watch Tower
18:24 Watch Tower
18:24 Watch Tower
19:10 Watch Tower
19:11 Watch Tower
19:11 Watch Tower
19:12 Watch Tower
19:13 Watch Tower
27:22 Barracks
27:40 Watch Tower
27:41 Watch Tower
27:42 Watch Tower
27:42 Watch Tower
30:29 Watch Tower
30:29 Watch Tower
30:30 Watch Tower
30:31 Watch Tower
30:32 Watch Tower
30:33 Watch Tower
55:31 Great Hall
» items
| Healing Salve | 1 | |
| Lesser Clarity Potion | 1 | |
| Orb of Lightning | 1 | |
| Potion of Healing | 2 | |
| Tiny Great Hall | 8 | |
| Potion of Mana | 1 | |
14 total
Gobiner (
purple | 58 APM | 3372 actions | 58:35)
7 Mountain King
3 Storm Bolt
3 Bash
1 Avatar
7 Paladin
3 Holy Light
3 Divine Shield
1 Devotion Aura
» actions
| Assign group hotkey | 10 | |
| Basic commands | 122 | |
| Build / train | 148 | |
| ESC pressed | 12 | |
| Enter build submenu | 117 | |
| Enter hero's abilities submenu | 14 | |
| Give item / drop item | 8 | |
| Right click | 1131 | |
| Select / deselect | 510 | |
| Select group hotkey | 908 | |
| Use ability | 392 | |
3372 total
» units
| Peasant | 15 | |
| Sorceress | 4 | |
| Priest | 4 | |
| Gryphon Rider | 6 | |
29 total
» upgrades
| Masonry | 3 | |
| Lumber Harvesting | 2 | |
| Magic Sentry | 1 | |
| Backpack | 1 | |
| Sorceress Training | 2 | |
| Priest Training | 2 | |
| Storm Hammers | 1 | |
| Animal War Training | 1 | |
| Swords | 3 | |
16 total
» buildings
| Altar of Kings | 1 | |
| Farm | 13 | |
| Lumber Mill | 1 | |
| Scout Tower | 129 | |
| Arcane Tower | 11 | |
| Guard Tower | 49 | |
| Arcane Vault | 1 | |
| Keep | 1 | |
| Castle | 1 | |
| Arcane Sanctum | 1 | |
| Town Hall | 2 | |
| Gryphon Aviary | 2 | |
| Blacksmith | 1 | |
| Barracks | 1 | |
214 total
» build order
00:11 Altar of Kings
00:16 Farm
00:21 Lumber Mill
01:02 Scout Tower
01:25 Farm
01:31 Arcane Tower
01:34 Scout Tower
02:01 Guard Tower
02:07 Scout Tower
02:22 Scout Tower
02:40 Guard Tower
02:41 Scout Tower
02:44 Scout Tower
02:59 Arcane Tower
03:01 Scout Tower
03:09 Arcane Vault
03:12 Guard Tower
03:14 Scout Tower
03:16 Scout Tower
03:57 Guard Tower
04:31 Guard Tower
04:31 Guard Tower
04:35 Guard Tower
04:36 Scout Tower
04:37 Scout Tower
04:38 Scout Tower
04:49 Scout Tower
04:50 Scout Tower
05:07 Guard Tower
05:36 Guard Tower
06:33 Guard Tower
06:36 Scout Tower
06:37 Scout Tower
06:42 Arcane Tower
06:43 Scout Tower
06:44 Scout Tower
06:52 Keep
07:03 Scout Tower
07:06 Scout Tower
07:08 Scout Tower
07:14 Guard Tower
07:17 Guard Tower
07:18 Scout Tower
07:19 Scout Tower
07:43 Guard Tower
07:45 Arcane Tower
07:52 Guard Tower
07:56 Scout Tower
07:57 Scout Tower
08:13 Arcane Tower
08:24 Farm
08:25 Farm
08:27 Farm
08:28 Farm
08:51 Guard Tower
08:54 Scout Tower
08:54 Scout Tower
09:05 Guard Tower
09:08 Guard Tower
09:21 Guard Tower
09:46 Castle
09:49 Arcane Sanctum
09:56 Scout Tower
09:57 Scout Tower
10:01 Scout Tower
10:02 Scout Tower
10:16 Guard Tower
11:13 Town Hall
11:23 Scout Tower
11:24 Scout Tower
12:11 Guard Tower
12:33 Guard Tower
12:36 Guard Tower
14:58 Scout Tower
14:58 Scout Tower
14:59 Scout Tower
15:00 Scout Tower
15:01 Scout Tower
15:02 Scout Tower
16:18 Guard Tower
17:06 Guard Tower
18:59 Guard Tower
19:32 Scout Tower
19:33 Scout Tower
25:01 Guard Tower
28:33 Scout Tower
28:34 Scout Tower
28:35 Scout Tower
28:36 Scout Tower
29:02 Scout Tower
29:03 Scout Tower
29:05 Scout Tower
29:08 Scout Tower
32:05 Scout Tower
32:06 Scout Tower
32:07 Scout Tower
32:08 Scout Tower
32:09 Scout Tower
32:09 Scout Tower
32:13 Scout Tower
32:13 Scout Tower
32:15 Scout Tower
32:16 Scout Tower
32:16 Scout Tower
32:35 Guard Tower
32:38 Guard Tower
33:10 Scout Tower
33:12 Scout Tower
33:13 Scout Tower
33:16 Guard Tower
34:42 Arcane Tower
34:56 Gryphon Aviary
35:00 Gryphon Aviary
35:05 Blacksmith
35:13 Barracks
36:13 Farm
36:16 Farm
36:22 Farm
36:22 Farm
36:24 Farm
36:25 Farm
36:29 Scout Tower
36:30 Scout Tower
36:31 Scout Tower
36:41 Farm
37:12 Guard Tower
37:14 Scout Tower
37:15 Scout Tower
37:16 Scout Tower
37:41 Guard Tower
37:44 Guard Tower
37:45 Guard Tower
38:27 Town Hall
38:30 Scout Tower
38:30 Scout Tower
38:31 Scout Tower
39:56 Scout Tower
39:57 Scout Tower
40:33 Guard Tower
40:46 Scout Tower
40:47 Scout Tower
40:48 Scout Tower
40:49 Scout Tower
40:50 Scout Tower
40:50 Scout Tower
40:51 Scout Tower
42:10 Guard Tower
42:14 Scout Tower
42:15 Scout Tower
42:16 Scout Tower
42:17 Scout Tower
42:17 Scout Tower
42:18 Scout Tower
44:38 Guard Tower
45:12 Scout Tower
45:12 Scout Tower
46:14 Scout Tower
46:44 Arcane Tower
46:46 Scout Tower
46:47 Scout Tower
46:48 Scout Tower
46:50 Scout Tower
46:51 Scout Tower
46:52 Scout Tower
48:04 Guard Tower
51:22 Scout Tower
51:23 Scout Tower
51:25 Scout Tower
51:33 Scout Tower
51:38 Scout Tower
51:40 Scout Tower
51:48 Scout Tower
51:50 Scout Tower
51:52 Scout Tower
51:53 Arcane Tower
51:54 Guard Tower
51:56 Guard Tower
51:58 Scout Tower
51:59 Scout Tower
52:01 Scout Tower
52:17 Guard Tower
52:21 Scout Tower
52:21 Scout Tower
52:22 Guard Tower
52:31 Guard Tower
52:40 Guard Tower
53:23 Guard Tower
55:31 Scout Tower
55:32 Scout Tower
55:35 Scout Tower
55:36 Scout Tower
55:37 Scout Tower
55:38 Scout Tower
55:42 Scout Tower
56:03 Guard Tower
56:05 Guard Tower
56:07 Guard Tower
56:11 Guard Tower
57:45 Scout Tower
57:46 Scout Tower
57:48 Scout Tower
57:52 Scout Tower
57:53 Scout Tower
57:55 Scout Tower
57:56 Scout Tower
57:56 Scout Tower
58:01 Scout Tower
58:02 Scout Tower
58:03 Scout Tower
58:26 Guard Tower
58:29 Arcane Tower
58:31 Arcane Tower
58:32 Arcane Tower
» items
| Lesser Clarity Potion | 13 | |
| Healing Salve | 2 | |
| Potion of Mana | 4 | |
| Orb of Lightning | 1 | |
| Staff of Sanctuary | 2 | |
| Scroll of Regeneration | 1 | |
23 total
westonb (
orange | 45 APM | 2642 actions | 58:33)
5 Archmage
3 Blizzard
2 Brilliance Aura
2 Paladin
1 Holy Light
1 Divine Shield
» actions
| Assign group hotkey | 2 | |
| Basic commands | 69 | |
| Build / train | 84 | |
| ESC pressed | 16 | |
| Enter build submenu | 58 | |
| Enter hero's abilities submenu | 7 | |
| Give item / drop item | 1 | |
| Right click | 1747 | |
| Select / deselect | 439 | |
| Select group hotkey | 18 | |
| Use ability | 201 | |
2642 total
» units
» upgrades
» buildings
| Altar of Kings | 2 | |
| Farm | 8 | |
| Lumber Mill | 2 | |
| Scout Tower | 63 | |
| Guard Tower | 27 | |
| Arcane Tower | 3 | |
| Arcane Vault | 1 | |
| Keep | 2 | |
| Town Hall | 5 | |
| Arcane Sanctum | 2 | |
| Castle | 1 | |
116 total
» build order
00:07 Altar of Kings
00:09 Farm
00:30 Lumber Mill
01:05 Scout Tower
01:17 Scout Tower
01:48 Scout Tower
02:02 Scout Tower
02:07 Scout Tower
02:27 Guard Tower
02:54 Scout Tower
03:51 Guard Tower
04:36 Scout Tower
04:36 Guard Tower
04:49 Guard Tower
04:55 Farm
05:03 Scout Tower
05:07 Guard Tower
05:09 Scout Tower
05:24 Scout Tower
05:36 Scout Tower
05:57 Arcane Tower
06:12 Guard Tower
06:25 Scout Tower
07:07 Arcane Tower
07:07 Arcane Tower
07:17 Arcane Vault
09:14 Scout Tower
09:29 Scout Tower
09:33 Scout Tower
09:57 Scout Tower
09:59 Scout Tower
10:08 Guard Tower
11:01 Scout Tower
11:02 Scout Tower
11:18 Keep
11:20 Guard Tower
11:23 Scout Tower
11:24 Scout Tower
11:31 Town Hall
11:33 Guard Tower
12:35 Guard Tower
12:37 Scout Tower
12:39 Scout Tower
12:44 Guard Tower
12:48 Scout Tower
12:50 Scout Tower
13:04 Scout Tower
13:37 Guard Tower
13:45 Scout Tower
13:46 Scout Tower
13:48 Scout Tower
13:51 Guard Tower
13:57 Scout Tower
13:58 Scout Tower
14:01 Guard Tower
14:04 Scout Tower
14:05 Scout Tower
14:07 Scout Tower
14:07 Scout Tower
14:12 Scout Tower
14:16 Scout Tower
14:18 Scout Tower
14:40 Arcane Sanctum
14:51 Guard Tower
14:57 Guard Tower
15:14 Guard Tower
15:48 Scout Tower
15:49 Scout Tower
15:50 Scout Tower
16:28 Town Hall
16:32 Guard Tower
16:56 Guard Tower
17:00 Guard Tower
17:14 Scout Tower
17:15 Scout Tower
17:15 Scout Tower
17:32 Scout Tower
17:33 Scout Tower
17:44 Guard Tower
18:08 Farm
19:27 Altar of Kings
20:10 Lumber Mill
26:17 Town Hall
38:07 Town Hall
40:22 Farm
40:23 Farm
40:51 Town Hall
42:11 Farm
47:20 Keep
47:45 Farm
47:46 Farm
50:10 Arcane Sanctum
50:12 Castle
51:38 Scout Tower
51:39 Scout Tower
51:40 Scout Tower
51:41 Scout Tower
52:47 Guard Tower
52:52 Scout Tower
52:53 Scout Tower
52:54 Guard Tower
52:57 Scout Tower
53:26 Guard Tower
53:28 Scout Tower
54:12 Guard Tower
54:16 Scout Tower
54:17 Scout Tower
54:18 Scout Tower
54:19 Scout Tower
56:50 Guard Tower
56:56 Scout Tower
56:57 Scout Tower
56:58 Scout Tower
58:28 Guard Tower
58:30 Scout Tower
58:32 Scout Tower
» items
| Healing Salve | 1 | |
| Potion of Healing | 3 | |
| Orb of Lightning | 1 | |
| Scroll of Town Portal | 1 | |
6 total
Chat log
(00:35 / Allies) westonb: no chokes
(00:40 / Allies) westonb: oh
(00:41 / Allies) westonb: there are
(09:07 / All) chicken64: x
(18:00 / Allies) westonb: lum please
(18:18 / Allies) westonb: welp
(20:53 / Allies) westonb: this is just siege
(21:03 / Allies) westonb: i'm trying
(31:45 / All) augustu: buodl towers
(31:57 / All) Gobiner: oh?
(32:02 / All) augustu: yes
(32:03 / All) augustu: you guys
(32:06 / All) augustu: keep build towesr
(32:09 / All) augustu: this game is so fun
(35:13 / Allies) westonb: my fault
(35:17 / Allies) westonb: never got sight
(42:44 / Allies) westonb: i saw a hawk at the blue expo
(50:15 / All) augustu: they got killed
(54:12 / All) augustu: TOWER WAR
(56:54 / Allies) Gobiner: on phone
(57:04 / Allies) Gobiner: gold me
(58:31 / All) Blahsmack: LOL